 Dungeon Crawl Stone Soup version 0.17-a0-435-gc4df345 (webtiles) character file.

121 krae the Insei (level 5, 0/33 HPs)
             Began as an Octopode Transmuter on Apr 4, 2015.
             Killed from afar by Natasha (9 damage)
             ... with a wand of flame
             ... on level 3 of the Dungeon.
             The game lasted 00:12:55 (2323 turns).

krae the Insei (Octopode Transmuter)                Turns: 2323, Time: 00:12:55

Health: 0/33       AC:  3    Str:  9    XL:     5   Next: 5%
Magic:  6/8        EV: 12    Int: 16    God:
Gold:   180        SH:  0    Dex: 13    Spells: 2 memorised, 5 levels left

rFire  . . .     SeeInvis .     b - 22 arrows
rCold  . . .     Clarity  .     (no shield)
rNeg   . . .     SustAb   .     m - +2 hat
rPois  .         Gourm    .     n - amulet of faith {!P}
rElec  .         Spirit   .     o - ring of stealth
rCorr  .         Warding  .     (no ring)
rMut   .         Stasis   .     (no ring)
MR     .....                    (no ring)
Stlth  +++.......               (no ring)
                                (no ring)
                                (no ring)
                                (no ring)

@: not resistant to hostile enchantments, fairly stealthy
A: almost no armour, amphibious, 8 rings, constrict 8, camouflage 1, gelatinous
body 1
a: no special abilities


You were on level 3 of the Dungeon.
You were not hungry.

You visited 1 branch of the dungeon, and saw 4 of its levels.

You collected 180 gold pieces.


Innate Abilities, Weirdness & Mutations

You cannot wear most types of armour.
You are amphibious.
You can wear up to eight rings at the same time.
You can use your tentacles to constrict eight enemies at once.
Your skin changes colour to match your surroundings (Stealth).
Your rubbery body absorbs attacks (AC +1).


   Skills:
 - Level 1.0 Fighting
 - Level 2.0 Dodging
 + Level 5.0 Unarmed Combat
 - Level 2.0 Spellcasting
 - Level 3.0 Transmutations


You had 5 spell levels left.
You knew the following spells:

 Your Spells              Type           Power        Failure   Level  Hunger
z - Beastly Appendage     Trmt           ##....       8%          1    #......
Z - Sticks to Snakes      Trmt           ##........   10%         2    ###....

Inventory:

Hand weapons
 s - a +0 hunting sling
Missiles
 b - 22 arrows (in tentacle)
 f - 17 arrows of flame
Armour
 l - a +0 shield
 m - a +2 hat (worn)
Jewellery
 n - an amulet of faith (around mantle) {!P}
 o - a ring of stealth (left tentacle)
Scrolls
 c - 2 scrolls of teleportation {unknown}
 h - 2 scrolls of identify {unknown}
 q - a scroll of fear {unknown}
Potions
 e - a potion of magic {unknown}
 g - 2 potions of curing {unknown}
 j - a potion of restore abilities {unknown}
 k - 2 potions of haste {unknown}
 p - a potion of brilliance {unknown}
 r - a potion of heal wounds {unknown}
Books
 d - a book of Changes
Comestibles
 a - 4 bread rations
 i - 2 meat rations
 t - a slice of pizza
 u - 2 chunks of flesh

Dungeon Overview and Level Annotations

Branches:
Dungeon (4/15)
 Temple: D:4-7

Altars:
Yredelemnul

Annotations:
D:3 Natasha

###....##### ..# ####.....#
#.#.# . #.....### #.#.# .#
#)....#.. #.#.# .# #.....#.#
#)#.##.# #.....#.# #.#.#..# .
#.....#.# #.#.#.######.. #
#.......# #S............. #
#.....### #x..........#..# #
#####.######)............. #
#.......(..(..........
#################h......†...#
#..................#)##.....#
#.........#######..#.##...###
#.<.).....# ...##.##...#
##.#...#### .###...##...#
...#†####### # .####...#


You could see Natasha and a friendly ball python.


Message History

You kill the goblin!
You feel sick.
You tentacle-slap the goblin.
You kill the goblin!
Things that are here:
a club; a dagger; a goblin corpse You butcher the goblin corpse.
u - 3 chunks of flesh (gained 2)
Things that are here:
a club; a dagger; a goblin skeleton You feel sick.
Eat one of 3 chunks of flesh? (ye/n/q/i?)
You feel sick.
You are no longer poisoned.
Things that are here:
a club; a stone Your adder withers and dies!
There is a stone staircase leading up here.
You start resting.
Magic restored.
You start resting.
Natasha, Servant of Life and Death comes into view.
b - 23 arrows (in tentacle) Natasha mumbles some strange words.
You create a snake!
Natasha stares at you and mumbles some strange words.
The magic dart hits you!
* * * LOW HITPOINT WARNING * * *
Natasha zaps a wand.
The puff of flame hits you!
You die...

Action                   |  1- 3 |  4- 6 || total
-------------------------+-------+-------++-------
Melee: Unarmed           |   106 |    43 ||   149
 Cast: Beastly Appendage |    21 |     2 ||    23
       Sticks to Snakes  |     2 |    11 ||    13
 Stab: Sleeping          |     2 |     2 ||     4
  Eat: Chunk             |     2 |     4 ||     6

Vault maps used:
D:1:      mrwooster_arrival_arrow, nrook_loot_triangle
D:2:      nicolae_overflow_crystal_walls, first_bread
D:3:      okawaru_ov_weapons_minmay, uniq_natasha
D:4:      serial_shops, nicolae_shop_behind_doors

Notes
Turn   | Place    | Note
--------------------------------------------------------------
     0 | D:1      | krae, the Octopode Transmuter, began the quest for the Orb.
     0 | D:1      | Reached XP level 1. HP: 13/13 MP: 3/3
   453 | D:1      | Reached XP level 2. HP: 11/18 MP: 5/5
   991 | D:1      | Reached XP level 3. HP: 20/23 MP: 3/6
   997 | D:1      | Reached skill level 4 in Unarmed Combat
  1105 | D:1      | Learned a level 2 spell: Sticks to Snakes
  1458 | D:2      | Found a basalt altar of Yredelemnul.
  1522 | D:2      | Reached XP level 4. HP: 26/28 MP: 7/7
  1692 | D:2      | Reached skill level 3 in Transmutations
  2037 | D:3      | Noticed Natasha
  2247 | D:3      | Killed Natasha
  2264 | D:3      | Reached skill level 5 in Unarmed Combat
  2264 | D:3      | Reached XP level 5. HP: 18/33 MP: 5/8
  2321 | D:3      | Noticed Natasha
  2323 | D:3      | Killed from afar by Natasha

Vanquished Creatures
  2 adders
  A giant mite (D:3)
  A worm (D:2)
  A giant gecko (D:1)
  8 goblins
  12 hobgoblins
  11 jackals
  2 ball pythons
  5 bats
  A giant cockroach (D:1)
  2 giant newts (D:1)
  10 kobolds
  9 rats (D:1)
65 creatures vanquished.

Vanquished Creatures (collateral kills)
  Natasha (D:3)
  An adder (D:2)
  A worm (D:3)
3 creatures vanquished.

Grand Total: 68 creatures vanquished
